| TOP OF THE 1ST |
|
Lexington Legends batting - Pitching for Delmarva Shorebirds : RHP Steve Webb
|
|
Pitching: RHP Steve Webb
|
|
|
Batting: RHB Mike Bearden
|
0-0: Foul Ball, location: 2F 0-1: Ball 1-1: Foul Ball, location: 2F 1-2: Ball 2-2: Ball 3-2: Fly out, F4 (Popup, 34S, EV 68.1 MPH)
|
|
Batting: RHB Jonas Fernandez
|
0-0: Ball 1-0: Ball 2-0: Called Strike 2-1: Ground out 5-3 (Groundball, 5S, EV 81.2 MPH)
|
|
Batting: RHB Carlos Almada
|
0-0: Swinging Strike 0-1: Ground out 3-1 (Groundball, 34S, EV 91.2 MPH)
|
| Top of the 1st over - 0 runs, 0 hits, 0 errors, 0 left on base; Lexington 0 - Delmarva 0 |
| BOTTOM OF THE 1ST |
|
Delmarva Shorebirds batting - Pitching for Lexington Legends : RHP Jerry Yusko
|
|
Pitching: RHP Jerry Yusko
|
|
|
Batting: RHB Kevin Popowicz
|
0-0: Called Strike 0-1: Called Strike 0-2: Foul Ball, location: 2F 0-2: Ground out 6-3 (Groundball, 6, EV 102.5 MPH)
|
|
Batting: RHB Ethan Finke
|
0-0: Ball 1-0: Called Strike 1-1: Ground out 4-3 (Groundball, 4, EV 81.9 MPH)
|
|
Batting: RHB Maup Gommers
|
0-0: Ball 1-0: Fly out, F6 (Popup, 56, EV 52.5 MPH)
|
| Bottom of the 1st over - 0 runs, 0 hits, 0 errors, 0 left on base; Lexington 0 - Delmarva 0 |
| TOP OF THE 2ND |
|
Lexington Legends batting - Pitching for Delmarva Shorebirds : RHP Steve Webb
|
|
Batting: LHB Joe Cozart
|
0-0: SINGLE (Groundball, 4MD, EV 95.0 MPH)
|
|
Batting: LHB Mike Bhatti
|
0-0: Ball 1-0: Called Strike 1-1: Foul Ball, location: 2F 1-2: Fly out, F8 (Flyball, 8LD, EV 99.4 MPH)
|
|
Batting: LHB Vicente Hernandez
|
0-0: Called Strike 0-1: Reached on error, E4 (Groundball, 4, EV 98.1 MPH) Joe Cozart to second
|
|
Batting: RHB Ian Hornsby
|
0-0: Ball 1-0: Called Strike 1-1: Ball 2-1: Grounds into double play, 5-4-3 (Groundball, 56S, EV 85.0 MPH)
|
| Top of the 2nd over - 0 runs, 1 hit, 1 error, 1 left on base; Lexington 0 - Delmarva 0 |
| BOTTOM OF THE 2ND |
|
Delmarva Shorebirds batting - Pitching for Lexington Legends : RHP Jerry Yusko
|
|
Batting: RHB Ken Manser
|
0-0: Called Strike 0-1: Ball 1-1: Called Strike 1-2: SINGLE (Groundball, 56, EV 86.9 MPH) (infield hit)
|
|
Batting: LHB Sam Williams
|
0-0: Ball 1-0: Ball Ken Manser steals 2nd base (no throw) 2-0: Called Strike 2-1: Foul Ball, location: 2F 2-2: Foul Ball, location: 2F 2-2: 2-RUN HOME RUN (Flyball, 9D, EV 96.9 MPH), Distance : 375 ft
|
|
Batting: RHB Chris McGuirk
|
0-0: Foul Ball, location: 2F 0-1: Ball 1-1: SINGLE (Line Drive, 78M, EV 102.5 MPH)
|
|
Batting: LHB Vinny Rivera
|
0-0: Fielders Choice at 2nd, 4-6 (Groundball, 34, EV 103.8 MPH)
|
|
Batting: SHB Eric Kelley
|
0-0: Ball 1-0: Called Strike Vinny Rivera steals 2nd, throwing error, E2 Vinny Rivera to third 1-1: Swinging Strike 1-2: Ball 2-2: SINGLE (Line Drive, 8RS, EV 106.9 MPH) Vinny Rivera scores
|
|
Batting: RHB Ruben Domingues
|
0-0: Foul Ball, location: 2F 0-1: Ball 1-1: Called Strike 1-2: Strikes out swinging
|
|
Batting: RHB Kevin Popowicz
|
0-0: Called Strike 0-1: Swinging Strike 0-2: Foul Ball, location: 2F 0-2: Ball 1-2: Ball 2-2: Foul Ball, location: 2F 2-2: Ball Eric Kelley steals 2nd base 3-2: Strikes out swinging
|
| Bottom of the 2nd over - 3 runs, 4 hits, 1 error, 1 left on base; Lexington 0 - Delmarva 3 |
| TOP OF THE 3RD |
|
Lexington Legends batting - Pitching for Delmarva Shorebirds : RHP Steve Webb
|
|
Batting: LHB Shohei Nishi
|
0-0: Ball 1-0: Foul Ball, location: 2F 1-1: Ball 2-1: Foul Ball, location: 2F 2-2: Ball 3-2: Strikes out swinging
|
|
Batting: RHB Trevor Kingston
|
0-0: Foul Ball, location: 2F 0-1: Ball 1-1: Foul Ball, location: 2F 1-2: Foul Ball, location: 2F 1-2: Ball 2-2: Ground out 5-3 (Groundball, 56S, EV 61.9 MPH)
|
|
Batting: RHB Mike Bearden
|
0-0: Foul Ball, location: 2F 0-1: Ball 1-1: Foul Ball, location: 2F 1-2: Ball 2-2: Strikes out swinging
|
| Top of the 3rd over - 0 runs, 0 hits, 0 errors, 0 left on base; Lexington 0 - Delmarva 3 |
| BOTTOM OF THE 3RD |
|
Delmarva Shorebirds batting - Pitching for Lexington Legends : RHP Jerry Yusko
|
|
Batting: RHB Ethan Finke
|
0-0: Ball 1-0: Called Strike 1-1: Foul Ball, location: 2F 1-2: Ball 2-2: Foul Ball, location: 2F 2-2: Foul Ball, location: 2F 2-2: Ball 3-2: SINGLE (Flyball, 89M, EV 80.0 MPH)
|
|
Batting: RHB Maup Gommers
|
0-0: Ball 1-0: Swinging Strike 1-1: Ball 2-1: Foul Ball, location: 2F 2-2: Ball 3-2: Foul Ball, location: 2F 3-2: Foul Ball, location: 2F 3-2: Foul Ball, location: 2F 3-2: Base on Balls Ethan Finke to second
|
|
Batting: RHB Ken Manser
|
0-0: Foul Ball, location: 2F 0-1: Ball 1-1: Called Strike 1-2: Ball 2-2: Strikes out swinging
|
|
Batting: LHB Sam Williams
|
0-0: Foul Ball, location: 2F 0-1: Ball 1-1: DOUBLE (Line Drive, 9LM, EV 109.4 MPH) Ethan Finke scores Maup Gommers to third
|
|
Batting: RHB Chris McGuirk
|
0-0: Ball 1-0: Ball 2-0: Ball 3-0: Called Strike 3-1: Ground out 6-3 (Groundball, 6, EV 76.9 MPH) Maup Gommers scores
|
|
Pitching: RHP Danny Zuniga
|
|
|
Batting: LHB Vinny Rivera
|
0-0: Called Strike 0-1: Swinging Strike 0-2: Ball 1-2: Ball 2-2: Strikes out swinging
|
| Bottom of the 3rd over - 2 runs, 2 hits, 0 errors, 1 left on base; Lexington 0 - Delmarva 5 |
| TOP OF THE 4TH |
|
Lexington Legends batting - Pitching for Delmarva Shorebirds : RHP Steve Webb
|
|
Batting: RHB Jonas Fernandez
|
0-0: Ground out 1-3 (Groundball, 13S, EV 67.5 MPH)
|
|
Batting: RHB Carlos Almada
|
0-0: Called Strike 0-1: Ball 1-1: Called Strike 1-2: Foul Ball, location: 2F 1-2: Foul Ball, location: 2F 1-2: Ball 2-2: Ball 3-2: Strikes out looking
|
|
Batting: LHB Joe Cozart
|
0-0: Fly out, F9 (Flyball, 89D, EV 103.1 MPH)
|
| Top of the 4th over - 0 runs, 0 hits, 0 errors, 0 left on base; Lexington 0 - Delmarva 5 |
| BOTTOM OF THE 4TH |
|
Delmarva Shorebirds batting - Pitching for Lexington Legends : RHP Danny Zuniga
|
|
Batting: SHB Eric Kelley
|
0-0: Called Strike 0-1: Swinging Strike 0-2: Ball 1-2: Ball 2-2: Ground out 4-3 (Groundball, 4S, EV 65.0 MPH)
|
|
Batting: RHB Ruben Domingues
|
0-0: Ground out 2-3 (Groundball, 2L, EV 64.4 MPH)
|
|
Batting: RHB Kevin Popowicz
|
0-0: Ball 1-0: Swinging Strike 1-1: Ball 2-1: Foul Ball, location: 2F 2-2: Ball 3-2: SINGLE (Groundball, 6D, EV 106.2 MPH)
|
|
Batting: RHB Ethan Finke
|
0-0: Called Strike Kevin Popowicz steals 2nd base 0-1: Swinging Strike 0-2: Ball 1-2: Foul Ball, location: 2F 1-2: Foul Ball, location: 2F 1-2: Ball 2-2: Strikes out swinging
|
| Bottom of the 4th over - 0 runs, 1 hit, 0 errors, 1 left on base; Lexington 0 - Delmarva 5 |
| TOP OF THE 5TH |
|
Lexington Legends batting - Pitching for Delmarva Shorebirds : RHP Steve Webb
|
|
Batting: LHB Mike Bhatti
|
0-0: Fly out, F8 (Flyball, 89D, EV 98.8 MPH)
|
|
Batting: LHB Vicente Hernandez
|
0-0: Ball 1-0: Swinging Strike 1-1: Ball 2-1: Ball 3-1: Ground out 4-3 (Groundball, 4M, EV 85.6 MPH)
|
|
Batting: RHB Ian Hornsby
|
0-0: Called Strike 0-1: Fly out, F4 (Line Drive, 4, EV 71.9 MPH)
|
| Top of the 5th over - 0 runs, 0 hits, 0 errors, 0 left on base; Lexington 0 - Delmarva 5 |
| BOTTOM OF THE 5TH |
|
Delmarva Shorebirds batting - Pitching for Lexington Legends : RHP Danny Zuniga
|
|
Batting: RHB Maup Gommers
|
0-0: Ball 1-0: Ball 2-0: Ball 3-0: Called Strike 3-1: Base on Balls
|
|
Batting: RHB Ken Manser
|
0-0: Called Strike 0-1: Fly out, F8 (Flyball, 89D, EV 86.2 MPH)
|
|
Pitching: RHP Paul Gibbens
|
|
|
Batting: LHB Sam Williams
|
0-0: Ball 1-0: Ball 2-0: Ball 3-0: Base on Balls Maup Gommers to second
|
|
Batting: RHB Chris McGuirk
|
0-0: Ball 1-0: Called Strike 1-1: Foul Ball, location: 2F 1-2: Fielders Choice at 2nd, 6-4 (Groundball, 6, EV 103.8 MPH) Maup Gommers to third
|
|
Batting: LHB Vinny Rivera
|
0-0: Ball 1-0: SINGLE (Groundball, 3D, EV 109.4 MPH) Maup Gommers scores Chris McGuirk to second Runner from 2nd tries for 3rd, SAFE, throw by RF made to third
|
|
Batting: SHB Eric Kelley
|
0-0: Called Strike 0-1: Ball 1-1: Fielders Choice at 2nd, 5-4 (Groundball, 5L, EV 84.4 MPH)
|
| Bottom of the 5th over - 1 run, 1 hit, 0 errors, 2 left on base; Lexington 0 - Delmarva 6 |
| TOP OF THE 6TH |
|
Lexington Legends batting - Pitching for Delmarva Shorebirds : RHP Steve Webb
|
|
Batting: LHB Shohei Nishi
|
0-0: Ball 1-0: Ball 2-0: Ball 3-0: Called Strike 3-1: Ground out 3-1 (Groundball, 34, EV 83.8 MPH)
|
|
Batting: RHB Trevor Kingston
|
0-0: Called Strike 0-1: Ball 1-1: Ball 2-1: Foul Ball, location: 2F 2-2: Ball 3-2: Strikes out swinging
|
|
Batting: RHB Mike Bearden
|
0-0: Ball 1-0: Ball 2-0: Ball 3-0: Base on Balls
|
|
Batting: RHB Jonas Fernandez
|
Pickoff Throw to First - Out! 1-3
|
| Top of the 6th over - 0 runs, 0 hits, 0 errors, 0 left on base; Lexington 0 - Delmarva 6 |
| BOTTOM OF THE 6TH |
|
Delmarva Shorebirds batting - Pitching for Lexington Legends : RHP Paul Gibbens
|
|
Batting: RHB Ruben Domingues
|
0-0: Ball 1-0: Ground out 6-3 (Groundball, 6S, EV 82.5 MPH)
|
|
Batting: RHB Kevin Popowicz
|
0-0: Ball 1-0: Ball 2-0: Called Strike 2-1: Swinging Strike 2-2: Foul Ball, location: 2F 2-2: Foul Ball, location: 2F 2-2: Ball 3-2: Base on Balls
|
|
Batting: RHB Ethan Finke
|
0-0: Called Strike 0-1: Ground out 6-3 (Groundball, P, EV 87.5 MPH) Kevin Popowicz to second
|
|
Pitching: RHP Josh Rutledge
|
|
|
Batting: RHB Maup Gommers
|
0-0: Called Strike 0-1: Ball 1-1: Called Strike 1-2: Foul Ball, location: 2F 1-2: Fly out, F8 (Flyball, 8RS, EV 78.8 MPH)
|
| Bottom of the 6th over - 0 runs, 0 hits, 0 errors, 1 left on base; Lexington 0 - Delmarva 6 |
| TOP OF THE 7TH |
|
Lexington Legends batting - Pitching for Delmarva Shorebirds : RHP Steve Webb
|
|
Batting: RHB Jonas Fernandez
|
0-0: Called Strike 0-1: Ball 1-1: Called Strike 1-2: Ball 2-2: Foul Ball, location: 2F 2-2: Foul Ball, location: 2F 2-2: Foul Ball, location: 2F 2-2: Ball 3-2: Base on Balls
|
|
Batting: RHB Carlos Almada
|
0-0: Ball 1-0: Ball 2-0: Ball 3-0: Called Strike 3-1: Base on Balls Jonas Fernandez to second
|
|
Batting: LHB Joe Cozart
|
0-0: Swinging Strike 0-1: Ball 1-1: Ball 2-1: Called Strike 2-2: Foul Ball, location: 2F 2-2: Ball 3-2: Foul Ball, location: 2F 3-2: Grounds into double play, 4-6-3 (Groundball, 4, EV 110.0 MPH) Jonas Fernandez to third
|
|
Pitching: RHP Manny Saldana
|
|
|
Batting: LHB Mike Bhatti
|
0-0: Ball 1-0: SINGLE (Line Drive, 3D, EV 97.5 MPH) Jonas Fernandez scores
|
|
Batting: LHB Vicente Hernandez
|
0-0: Foul Ball, location: 2F 0-1: Fly out, F2 (Popup, 5SF, EV 76.2 MPH)
|
| Top of the 7th over - 1 run, 1 hit, 0 errors, 1 left on base; Lexington 1 - Delmarva 6 |
| BOTTOM OF THE 7TH |
|
Delmarva Shorebirds batting - Pitching for Lexington Legends : RHP Josh Rutledge
|
|
Batting: RHB Ken Manser
|
0-0: SINGLE (Flyball, 8RS, EV 90.0 MPH)
|
|
Batting: LHB Sam Williams
|
0-0: Ball Ken Manser steals 2nd base 1-0: Ball 2-0: Called Strike 2-1: Ball 3-1: Foul Ball, location: 2F 3-2: Base on Balls
|
|
Batting: RHB Chris McGuirk
|
0-0: Ball Ken Manser steals 3rd base 1-0: Foul Ball, location: 2F 1-1: Ball 2-1: Foul Ball, location: 2F 2-2: TRIPLE (Flyball, 78XD, EV 96.2 MPH) Ken Manser scores Sam Williams scores
|
|
Batting: LHB Vinny Rivera
|
0-0: Swinging Strike 0-1: Ball 1-1: Ball 2-1: Ground out 5-3 (Groundball, 5S, EV 65.0 MPH)
|
|
Batting: SHB Eric Kelley
|
0-0: Ball 1-0: Ball 2-0: Ball 3-0: Base on Balls
|
|
Batting: RHB Ruben Domingues
|
0-0: Ball Eric Kelley steals 2nd base 1-0: Ball 2-0: Foul Ball, location: 2F 2-1: Foul Ball, location: 2F 2-2: 3-RUN HOME RUN (Flyball, 89XD, EV 101.9 MPH), Distance : 396 ft
|
|
Pitching: RHP Mike Galvin
|
|
|
Batting: RHB Kevin Popowicz
|
0-0: Ground out U3 (Groundball, 34S, EV 90.0 MPH)
|
|
Batting: RHB Ethan Finke
|
0-0: Ball 1-0: Foul Ball, location: 2F 1-1: Ground out 4-3 (Groundball, 4M, EV 93.1 MPH)
|
| Bottom of the 7th over - 5 runs, 3 hits, 0 errors, 0 left on base; Lexington 1 - Delmarva 11 |
| TOP OF THE 8TH |
|
Lexington Legends batting - Pitching for Delmarva Shorebirds : RHP Manny Saldana
|
|
Batting: RHB Ian Hornsby
|
0-0: Ball 1-0: Swinging Strike 1-1: Ball 2-1: Called Strike 2-2: Foul Ball, location: 2F 2-2: Fly out, F8 (Flyball, 8RXD, EV 97.5 MPH)
|
|
Batting: LHB Shohei Nishi
|
0-0: Foul Ball, location: 2F 0-1: Swinging Strike 0-2: Foul Ball, location: 2F 0-2: Strikes out swinging
|
|
Batting: RHB Trevor Kingston
|
0-0: Called Strike 0-1: Ball 1-1: Swinging Strike 1-2: Strikes out looking
|
| Top of the 8th over - 0 runs, 0 hits, 0 errors, 0 left on base; Lexington 1 - Delmarva 11 |
| BOTTOM OF THE 8TH |
|
Delmarva Shorebirds batting - Pitching for Lexington Legends : RHP Mike Galvin
|
|
Batting: RHB Maup Gommers
|
0-0: Foul Ball, location: 2F 0-1: Called Strike 0-2: Ball 1-2: Fly out, F7 (Line Drive, 78M, EV 96.9 MPH)
|
|
Batting: RHB Ken Manser
|
0-0: Called Strike 0-1: Ball 1-1: Ball 2-1: Ball 3-1: Base on Balls
|
|
Batting: LHB Sam Williams
|
0-0: Foul Ball, location: 2F 0-1: Ball 1-1: Ball 2-1: Ball 3-1: Base on Balls Ken Manser to second
|
|
Batting: RHB Chris McGuirk
|
0-0: Swinging Strike 0-1: SINGLE (Groundball, 56D, EV 98.8 MPH) Ken Manser to third Sam Williams to second Runner from 3rd tries for Home, SAFE, throw by LF to home
|
|
Batting: LHB Vinny Rivera
|
0-0: Called Strike 0-1: Ball 1-1: Ball 2-1: Ball 3-1: Foul Ball, location: 2F 3-2: Foul Ball, location: 2F 3-2: Strikes out swinging
|
|
Pitching: RHP Kolenka Leschenya
|
|
|
Batting: SHB Eric Kelley
|
0-0: Called Strike 0-1: Ball 1-1: Foul Ball, location: 2F 1-2: Strikes out swinging
|
| Bottom of the 8th over - 1 run, 1 hit, 0 errors, 2 left on base; Lexington 1 - Delmarva 12 |
| TOP OF THE 9TH |
|
Lexington Legends batting - Pitching for Delmarva Shorebirds : RHP Manny Saldana
|
|
Batting: RHB Mike Bearden
|
0-0: Ball 1-0: Called Strike 1-1: Ball 2-1: SINGLE (Flyball, 3D, EV 91.2 MPH)
|
|
Batting: RHB Jonas Fernandez
|
0-0: Ball 1-0: Called Strike 1-1: SINGLE (Groundball, 4MD, EV 105.6 MPH) Mike Bearden to second
|
|
Batting: RHB Carlos Almada
|
0-0: Ball 1-0: Ball 2-0: Called Strike 2-1: Grounds into double play, U5-3 (Groundball, 5L, EV 80.6 MPH) Jonas Fernandez to second
|
|
Batting: LHB Joe Cozart
|
0-0: DOUBLE (Flyball, 78XD, EV 113.1 MPH) Jonas Fernandez scores
|
|
Batting: LHB Mike Bhatti
|
0-0: Swinging Strike 0-1: Ball 1-1: Ball 2-1: Foul Ball, location: 2F 2-2: Ball 3-2: Fly out, F6 (Popup, 4M, EV 63.8 MPH)
|
| Top of the 9th over - 1 run, 3 hits, 0 errors, 1 left on base; Lexington 2 - Delmarva 12 |
|